 Dungeon Crawl Stone Soup version 0.29-a0-559-g359e09b9d1 (webtiles) character file.

Game seed: 8337924991643839959

18 Nedwor the Poker (level 2, 25/25 HPs)
             Began as a Ghoul Gladiator on June 10, 2022.
             Quit the game on level 1 of the Dungeon.
             The game lasted 00:00:59 (512 turns).

Nedwor the Poker (Ghoul Gladiator)                   Turns: 512, Time: 00:01:00

Health: 25/25      AC:  4    Str: 17    XL:     2   Next: 66%
Magic:  1/1        EV: 12    Int:  3    God:
Gold:   16         SH:  0    Dex: 10    Spells: 1/1 levels left

rFire   . . .      SeeInvis .   a - +0 trident
rCold   + . .      Faith    .   (no shield)
rNeg    + + +      Spirit   .   b - +0 leather armour
rPois   ∞          Reflect  .   c - +0 helmet
rElec   .          Harm     .   (no cloak)
rCorr   .          Rampage  .   (no gloves)
Will    .....                   (no boots)
Stlth   +.........              (no amulet)
HPRegen 0.00/turn               (no ring)
MPRegen 0.07/turn               (no ring)

@: inhibited regen
A: claws 1, cold resistance 1, negative energy resistance 3, inhibited
regeneration, torment resistance 2, devour on kill
a: no special abilities


You were on level 1 of the Dungeon.
You visited 1 branch of the dungeon, and saw 1 of its levels.

You collected 16 gold pieces.

Inventory:

Hand Weapons
 a - a +0 trident (weapon)
Missiles
 d - 3 throwing nets (quivered)
 e - a javelin
Armour
 b - a +0 leather armour (worn)
 c - a +0 helmet (worn)
Scrolls
 f - a scroll of magic mapping {unknown}
 g - a scroll of noise {unknown}
 j - a scroll of amnesia {unknown}
 k - a scroll of summoning {unknown}
 l - a scroll of teleportation {unknown}
Potions
 h - a potion of heal wounds {unknown}
 i - a potion of brilliance {unknown}


   Skills:
 + Level 2.5 Fighting
 * Level 3.0 Polearms
 - Level 1.7 Throwing
 + Level 0.6 Armour
 + Level 2.8 Dodging


You had one spell level left.
You didn't know any spells.
Your spell library was empty.

Dungeon Overview and Level Annotations

Branches:
Dungeon (1/15)

Altars:


Innate Abilities, Weirdness & Mutations

You are immune to poison.
You have sharp fingernails.
Your flesh is cold resistant. (rC+)
You are immune to negative energy. (rN+++)
You do not regenerate when monsters are visible.
You are immune to unholy pain and torment.
You thrive by killing the living.


Message History

A rat comes into view.
There are monsters nearby!
There are monsters nearby!
There are monsters nearby!
You puncture the ball python!
You kill the ball python!
You reach to attack!
You hit the rat.
You kill the rat!
No target in view!
No target in view!
You now have 16 gold pieces (gained 7).
A kobold comes into view. It is wielding a +0 dagger.
The kobold shouts!
A kobold is nearby!
A kobold is nearby!
You reach to attack!
You puncture the kobold!
You kill the kobold!
No target in view!
No target in view!
No target in view!
Found a faded altar of an unknown god.
There is a faded altar of an unknown god here.
There is an empty arch of ancient stone here.
There is a dry fountain here.
k - a scroll labelled ECAOLI SUYFF
Found a hand axe.
No target in view!
No target in view!
No target in view!
Found a hand axe.
l - a scroll labelled UVUSO GUISOCH No target in view!
Found a stone staircase leading down.
No target in view!
No target in view!
No target in view!
No target in view!
You see here a +0 hand axe.
A giant cockroach comes into view.
Are you sure you want to abandon this character and quit the game? (Confirm with "yes".)

#..# #.. ########..##
..........#########
#... #.#.........#
#... #...#####...###
#..B ###.# ###....
#.).#####.#######.###
#..$@..).............
#...#####.#######.###
#... #.# #.# # #.##
#.. #.# #. ###> #.# #
.# #.# . #.# ## ..#
...


You could see a giant cockroach.

Vanquished Creatures
  2 ball pythons (D:1)
  An endoplasm (D:1)
  3 hobgoblins (D:1)
  4 jackals (D:1)
  A kobold (D:1)
  A quokka (D:1)
  A bat (D:1)
  2 rats (D:1)
15 creatures vanquished.

Notes
Turn   | Place    | Note
-------+----------+-------------------------------------------
     0 | D:1      | Nedwor the Ghoul Gladiator began the quest for the Orb.
     0 | D:1      | Reached XP level 1. HP: 17/17 MP: 0/0
   212 | D:1      | Reached XP level 2. HP: 25/25 MP: 1/1
   225 | D:1      | Reached skill level 3 in Polearms
   425 | D:1      | Found a faded altar of an unknown god.
   512 | D:1      | Quit the game

Illustrated notes

Levels and vault maps discovered:
D:1:      scummos_arrival_simple_crosswalls, layout_rooms, serial_shops,
          nicolae_diamond_shop, shapermc_ecumenical_altar_venn

Skill      XL: |  1  2 |
---------------+-------+-----
Polearms       | 3 |  3.0
Fighting       | |  2.5
Throwing       | |  1.7
Armour         | |  0.6
Dodging        | |  2.8

Action                   || total
-------------------------++-------
Melee: Trident           ||    50
Armor: Leather armour    ||    21
Dodge: Dodged            ||    51

Table legend: (Time is in decaauts)
 A = Elapsed time spent in this place.
 B = Non-inter-level travel time spent in this place.
 C = Inter-level travel time spent in this place.
 D = Time resting spent in this place.
 E = Time spent auto-exploring this place.
 F = Levels seen in this place.
 G = Mean time per level.
                   A        B        C        D        E       F      G
               +--------+--------+--------+--------+--------+-----+--------+
         Total |    519 |    519 |      0 |      0 |    421 |   1 |  519.0 |
       Dungeon |    519 |    519 |      0 |      0 |    421 |   1 |  519.0 |
               +--------+--------+--------+--------+--------+-----+--------+

Top non-repeatable levels by time:
     D:1: 519 daAuts
